 Dungeon Crawl Stone Soup version 0.18-a0-1805-g8ab820f (webtiles) character file.

74842 Zhenya25pyc the Bludgeoner (level 15, -6/99 HPs)
             Began as a Gargoyle Fighter on Apr 26, 2016.
             Was the Champion of Okawaru.
             Splashed by an oklob plant's acid (13 damage)
             ... on level 7 of the Lair of Beasts.
             The game lasted 03:34:19 (22951 turns).

Zhenya25pyc the Bludgeoner (Gargoyle Fighter)      Turns: 22951, Time: 03:34:21

Health: -6/99      AC: 26    Str: 28    XL:     15   Next: 48%
Magic:  21/21      EV: 13    Int:  8    God:    Okawaru [******]
Gold:   1700       SH: 20    Dex: 12    Spells: 0 memorised, 14 levels left

rFire  + + +     SeeInvis +     X - +0 mace of Zuuweiry {drain, *Rage rPois Str+3 Dex+2}
rCold  + + +     Gourm    .     D - +3 shadow dragon armour of Lies {Int+3 Stlth++++}
rNeg   + . .     Faith    .     z - +0 large shield
rPois  ∞         Spirit   .     U - +0 mask of the Dragon {MR+ Slay+3 SInv}
rElec  +         Dismiss  .     v - +0 cloak
rCorr  .         Reflect  .     u - +0 pair of gloves
SustAt .         Harm     .     i - +0 pair of boots
MR     ++...     Rnd*Rage +     S - amulet of regeneration
Stlth  +++++.....               g - ring "Tutreu" {*Confuse rF+++ EV+4 Int-4 Stlth+}
                                W - ring of the Ego {rC+++ EV+2 Str-2 Slay+2 SInv}

@: corroded, very resistant to hostile enchantments, quite stealthy
A: big wings, claws 1, molten scales 2, rugged brown scales 1, blurry vision 1,
fire resistance 1, negative energy resistance 1, sense surroundings 1,
electricity resistance, strong 1, unbreathing, petrification resistance, rot
immunity, AC +11
a: Fly, Heroism, Finesse, Renounce Religion


You were on level 7 of the Lair of Beasts.
You worshipped Okawaru.
Okawaru was exalted by your worship.
You were hungry.

You visited 3 branches of the dungeon, and saw 23 of its levels.
You also visited: Labyrinth, Ice Cave and Volcano.

You collected 1816 gold pieces.
You spent 116 gold pieces at shops.

Inventory:

Hand Weapons
 X - the +0 mace of Zuuweiry (weapon) {drain, *Rage rPois Str+3 Dex+2}
   (You found it in a labyrinth)

   A truly terrible weapon, it drains the life of those it strikes.
   It affects your strength (+3).
   It affects your dexterity (+2).
   It protects you from poison.
   It may make you go berserk in combat.
Armour
 i - a +0 pair of boots (worn)
 u - a +0 pair of gloves (worn)
 v - a +0 cloak (worn)
 z - a +0 large shield (worn)
 D - the +3 shadow dragon armour of Lies (worn) {Int+3 Stlth++++}
   (Okawaru gifted it to you on level 3 of the Lair of Beasts)

   It affects your intelligence (+3).
   It makes you much more stealthy.
 U - the +0 mask of the Dragon (worn) {MR+ Slay+3 SInv}
   (Okawaru gifted it to you on level 12 of the Dungeon)

   It affects your accuracy and damage with ranged weapons and melee attacks
   (+3).
   It affects your resistance to hostile enchantments.
   It lets you see invisible.
Jewellery
 g - the ring "Tutreu" (right hand) {*Confuse rF+++ EV+4 Int-4 Stlth+}
   (You took it off a minotaur in a labyrinth)

   [ring of evasion]

   It affects your evasion (+4).
   It affects your intelligence (-4).
   It renders you almost immune to fire.
   It may confuse you when you take damage.
   It makes you more stealthy.
 S - an amulet of regeneration (around neck)
 W - the ring of the Ego (left hand) {rC+++ EV+2 Str-2 Slay+2 SInv}
   (You found it in a labyrinth)

   [ring of evasion]

   It affects your evasion (+2).
   It affects your strength (-2).
   It affects your accuracy and damage with ranged weapons and melee attacks
   (+2).
   It renders you almost immune to cold.
   It lets you see invisible.
Wands
 B - a wand of digging (11/24)
 J - a wand of teleportation (3/9)
 L - a wand of digging (17/24)
 T - a wand of disintegration (18/24)
Scrolls
 a - a scroll of summoning {unknown}
 b - 5 scrolls of recharging
 e - 7 scrolls of teleportation
 k - 2 scrolls of vulnerability
 n - 10 scrolls of remove curse
 w - 2 scrolls of blinking
 x - 2 scrolls of fear
 y - 3 scrolls of holy word {unknown}
 A - 6 scrolls of magic mapping
 E - a scroll of immolation {unknown}
 F - a scroll of silence {unknown}
 H - a scroll of torment {unknown}
 I - 3 scrolls of fog
 M - 3 scrolls of enchant armour
 N - a scroll of identify
Potions
 d - 3 potions of might
 j - 4 potions of agility
 l - 4 potions of heal wounds
 m - a potion of resistance
 o - a potion of ambrosia {unknown}
 q - 4 potions of haste
 r - 3 potions of invisibility
 s - 3 potions of berserk rage
 t - a potion of brilliance
 C - 3 potions of lignification
 K - 5 potions of curing
Comestibles
 f - 4 bread rations
 h - a slice of pizza
 p - 10 meat rations
 G - 14 fruits
 V - 11 royal jellies


   Skills:
 + Level 12.6 Fighting
 + Level 15.0 Maces & Flails
 + Level 12.6 Armour
 + Level 4.2 Dodging
 + Level 6.2 Stealth
 + Level 12.8 Shields
 - Level 8.8 Invocations


You had 14 spell levels left.
You didn't know any spells.

Dungeon Overview and Level Annotations

Branches:
Dungeon (15/15)            Temple (1/1) D:5            Lair (7/8) D:11
  Swamp (0/4) Lair:6        Snake (0/4) Lair:4        Slime (0/6) Lair:7
    Orc (0/2) D:11         Vaults (0/5) D:14         Depths (0/5) D:15

Altars:
Ashenzari
Cheibriados
Dithmenos
Elyvilon
Fedhas
Gozag
Kikubaaqudgha
Makhleb
Nemelex Xobeh
Okawaru
Pakellas
Qazlal
Ru
Sif Muna
Trog
Vehumet
Xom
Yredelemnul
Zin
The Shining One
Jiyva

Shops:
D:6 }   D:10 *   D:11 (   D:13 (

Annotations:
Lair:7 exclusion: 4 oklob plants


Innate Abilities, Weirdness & Mutations

You are resistant to torment.
Your stone body is resilient (AC +11).
You are immune to poison.
Your large and strong wings let you fly indefinitely.
You resist negative energy.
You are resistant to electric shocks.
You can survive without breathing.
You are immune to petrification.
You are immune to rotting.
You have sharp fingernails.
You are mostly covered in molten scales (AC +3, EV -1).
You are partially covered in rugged brown scales (AC +1, +3% HP).
Scrolls take you a little longer to read.
Your flesh is heat resistant.
You passively map a small area around you.
Your muscles are strong. (Str +2)


Message History

The splash of acid hits you! The acid corrodes you!
The acid burns!
You hit the oklob plant.
The oklob plant is moderately damaged.
You hit the oklob plant but do no damage.
The oklob plant is moderately damaged.
The oklob plant spits acid at you. The splash of acid hits you!
The acid burns!
The oklob plant spits acid at you. The splash of acid hits you!
* * * LOW HITPOINT WARNING * * *
The acid corrodes you!
The acid burns!
* * * LOW HITPOINT WARNING * * *
Really read with blurry vision while enemies are nearby?
The oklob plant spits acid at you. The splash of acid hits you!
The acid burns!
* * * LOW HITPOINT WARNING * * *
You begin reading the scroll.
You continue reading the scroll.
The oklob plant spits acid at you. The splash of acid hits you!
The acid corrodes you!
The acid burns!
You die...

####..####.........#
...#....###....##..#
.........#.....##..#
.........#...##....#
....##.##...####...#
...##.##....# #....#
...##......####...##
..........###.....#
.........## #.P.@.#
....#P..## #P..P##
....##..# #.>P.#
...###### #....#
....###### ##...#
....P.#..#########
.........#..##
.............##
..............#


You could see 4 oklob plants.

Vanquished Creatures
  A frost giant (D:15)
  A minotaur (Lab)
  A yaktaur captain (D:14)
  3 hydras
  5 centaur warriors
  A catoblepas (D:14)
  4 tengu warriors (D:15)
  Urug (D:13)
  6 skeletal warriors
  2 unseen horrors
  Pikel (D:4)
  3 hill giants
  A wolf spider zombie (D:15)
  An orc sorcerer (Volcano)
  A deep elf mage (D:14)
  3 ugly things (D:13)
  3 griffons
  4 cyclopes
  3 centaur zombies
  2 manticores
  The ghost of warlockg3 the Blocker, a novice GrFi (D:6)
  12 black mambas
  3 elephants (Lair:3)
  3 ice statues (IceCv)
  15 spiny frogs
  2 rime drakes
  2 kobold demonologists
  8 yaktaurs
  4 komodo dragons
  6 trolls
  Prince Ribbit (D:9)
  A polar bear (Lair:7)
  17 blink frogs
  A wolf spider simulacrum (D:15)
  4 slime creatures
  2 redbacks (Lab)
  A vampire (D:12)
  2 wyverns
  62 yaks
  3 basilisks
  2 steam dragons
  12 hippogriffs
  Eustachio (D:5)
  6 hungry ghosts
  12 vampire mosquitoes
  The ghost of warlockg3 the Shield-Bearer, an amateur GrFi of Cheibriados (D:4)
  A soldier ant (shapeshifter) (D:14)
  12 water moccasins
  Duvessa (D:6)
  2 hell hounds (D:11)
  11 porcupines
  12 orc warriors
  2 swamp drakes (Lair:4)
  11 ice beasts
  4 sky beasts
  A slave (D:4)
  A black bear (D:8)
  A phantom (D:4)
  7 ogres
  3 necrophages
  17 centaurs
  14 wolves
  12 crocodiles
  A big kobold (D:7)
  17 giant frogs
  Dowan (D:6)
  6 scorpions
  4 killer bees (D:14)
  8 wights
  An electric eel (Lair:1)
  5 howler monkeys
  5 crimson imps
  A giant frog zombie (D:13)
  3 quasits
  10 orc priests
  2 giant frog skeletons (D:9)
  8 hounds
  7 jellies
  2 centaur skeletons
  9 iguanas
  22 orc wizards
  10 worker ants
  32 sheep
  A hound zombie (D:5)
  A hound skeleton (D:7)
  A worker ant zombie (D:10)
  3 gnolls (D:5)
  11 adders
  71 river rats
  2 shadow imps
  7 oozes
  3 adder zombies
  3 worms (D:3)
  6 giant geckos
  78 orcs
  2 ball pythons
  4 bats
  5 giant cockroaches
  12 goblins
  5 hobgoblins
  11 jackals
  12 kobolds
  4 quokkas
  A giant gecko zombie (D:8)
  5 giant newts
  A quokka skeleton (D:7)
  9 rats
755 creatures vanquished.

Vanquished Creatures (others)
  A spiny frog (Lair:7)
  A slave (D:5)
  A sheep (Lair:4)
  A plant (Lair:7)
4 creatures vanquished.

Grand Total: 759 creatures vanquished

Notes
Turn   | Place    | Note
--------------------------------------------------------------
     0 | D:1      | Zhenya25pyc the Gargoyle Fighter began the quest for the Orb.
     0 | D:1      | Reached XP level 1. HP: 14/14 MP: 1/1
   355 | D:1      | Reached XP level 2. HP: 18/19 MP: 2/2
   770 | D:1      | Reached XP level 3. HP: 19/23 MP: 3/3
   921 | D:1      | Noticed a centaur
   931 | D:1      | Killed a centaur
   931 | D:1      | Reached skill level 3 in Maces & Flails
   931 | D:1      | Reached XP level 4. HP: 19/29 MP: 4/4
  1398 | D:2      | Reached XP level 5. HP: 27/33 MP: 5/5
  1809 | D:3      | Reached skill level 4 in Maces & Flails
  2311 | D:3      | Reached XP level 6. HP: 33/38 MP: 6/6
  2834 | D:4      | Noticed a phantom
  2867 | D:4      | Killed a phantom
  2867 | D:4      | Reached skill level 5 in Maces & Flails
  2867 | D:4      | Reached XP level 7. HP: 20/44 MP: 7/7
  3077 | D:4      | You fall through a shaft!
  3077 | D:5      | Entered Level 5 of the Dungeon
  3606 | D:4      | Reached skill level 5 in Fighting
  3606 | D:4      | Reached skill level 5 in Shields
  4018 | D:4      | Noticed warlockg3's ghost (amateur GrFi)
  4037 | D:4      | Killed warlockg3's ghost
  4037 | D:4      | Reached skill level 6 in Maces & Flails
  4037 | D:4      | Reached skill level 5 in Armour
  4183 | D:4      | Reached XP level 8. HP: 40/49 MP: 8/8
  4208 | D:4      | Found a deep blue altar of Sif Muna.
  4359 | D:5      | Noticed Pikel
  4408 | D:4      | Killed Pikel
  4408 | D:4      | Reached skill level 7 in Maces & Flails
  4751 | D:5      | Found a staircase to the Ecumenical Temple.
  4781 | Temple   | Entered the Ecumenical Temple
  4788 | Temple   | Became a worshipper of Warmaster Okawaru
  4869 | D:5      | Noticed Eustachio
  4951 | D:5      | Killed Eustachio
  5082 | D:5      | Reached XP level 9. HP: 36/56 MP: 9/9
  5254 | D:5      | Gained mutation: You are partially covered in rugged brown scales (AC +1, +3% HP). [mutagenic meat]
  5255 | D:5      | Gained mutation: You are resistant to hostile enchantments. [mutagenic meat]
  5257 | D:5      | Gained mutation: You have sharp fingernails. [mutagenic meat]
  5451 | D:5      | Reached skill level 8 in Maces & Flails
  5647 | D:6      | Reached * piety under Okawaru
  5678 | D:6      | Noticed Duvessa
  5679 | D:6      | Noticed Dowan
  5688 | D:6      | Noticed warlockg3's ghost (novice GrFi)
  5691 | D:6      | Killed Duvessa
  5753 | D:6      | Killed warlockg3's ghost
  5758 | D:6      | Killed Dowan
  6065 | D:6      | Found a sparkling altar of Nemelex Xobeh.
  6066 | D:6      | Found a stormy altar of Qazlal.
  6066 | D:6      | Found a glowing golden altar of the Shining One.
  6076 | D:6      | Found an ancient bone altar of Kikubaaqudgha.
  6264 | D:6      | Lost mutation: You are resistant to hostile enchantments. [potion of mutation]
  6264 | D:6      | Gained mutation: You passively map a small area around you. [potion of mutation]
  6264 | D:6      | Gained mutation: Your flesh is heat resistant. [potion of mutation]
  6265 | D:6      | Gained mutation: You are clumsy. (Dex -2) [potion of mutation]
  6265 | D:6      | Gained mutation: You are partially covered in molten scales (AC +1). [potion of mutation]
  6342 | D:6      | Found Seel's Gadget Boutique.
  6395 | D:6      | Reached ** piety under Okawaru
  6467 | D:6      | Lost mutation: You are clumsy. (Dex -2) [mutagenic meat]
  6665 | D:6      | Reached skill level 9 in Maces & Flails
  6840 | D:7      | Reached XP level 10. HP: 52/64 MP: 10/10
  7004 | D:7      | Found an oddly glowing altar of Pakellas.
  7463 | D:8      | Reached skill level 1 in Invocations
  7708 | D:8      | Found a shattered altar of Ashenzari.
  7839 | D:8      | Reached *** piety under Okawaru
  8218 | D:8      | Received a gift from Okawaru
  8218 | D:8      | Reached skill level 10 in Maces & Flails
  8663 | D:9      | Noticed Prince Ribbit
  8670 | D:9      | Killed Prince Ribbit
  9126 | D:9      | Reached **** piety under Okawaru
  9134 | D:9      | Reached XP level 11. HP: 65/70 MP: 13/13
  9509 | D:10     | Entered Level 10 of the Dungeon
  9509 | D:10     | Found a stormy altar of Qazlal.
  9693 | D:10     | Gained mutation: Your muscles are strong. (Str +2) [potion of mutation]
  9693 | D:10     | Gained mutation: You are mostly covered in molten scales (AC +3, EV -1). [potion of mutation]
  9898 | D:10     | Gained mutation: Scrolls take you a little longer to read. [mutagenic meat]
 10157 | D:10     | Killed an unseen horror
 10186 | D:10     | Reached ***** piety under Okawaru
 10201 | D:10     | Reached skill level 11 in Maces & Flails
 10687 | D:10     | Noticed a hill giant
 10697 | D:10     | Killed a hill giant
 10794 | D:10     | Found Vomm's Assorted Antiques.
 10836 | D:10     | Noticed a hill giant
 10844 | D:10     | Killed a hill giant
 11045 | D:11     | Found a staircase to the Lair.
 11317 | D:11     | Reached skill level 5 in Invocations
 11449 | D:11     | Found a staircase to the Orcish Mines.
 11554 | D:11     | Noticed a manticore
 11559 | D:11     | Killed a manticore
 11636 | D:11     | Found Kiabal's Antique Weapon Shop.
 11644 | D:11     | Bought a glowing morningstar for 116 gold pieces
 11876 | D:12     | Noticed a hill giant
 11885 | D:12     | Killed a hill giant
 11885 | D:12     | Reached XP level 12. HP: 68/78 MP: 16/16
 12061 | D:12     | Reached ****** piety under Okawaru
 12066 | D:12     | Received a gift from Okawaru
 12213 | D:12     | Reached skill level 12 in Maces & Flails
 12591 | D:12     | Found a viscous altar of Jiyva.
 12750 | D:13     | Found Xiaho's Antique Weapon Shop.
 12801 | D:13     | Found a labyrinth entrance.
 12854 | Lab      | Entered a labyrinth
 12956 | Lab      | Reached skill level 10 in Shields
 13113 | Lab      | Noticed a minotaur
 13129 | Lab      | Killed a minotaur
 13129 | Lab      | Reached skill level 10 in Armour
 13197 | Lab      | Got a slimy amber ring
 13202 | Lab      | Got a faintly glowing lead ring
 13203 | Lab      | Got an ancient mace
 13318 | D:13     | Identified the cursed +0 mace of Zuuweiry {drain, *Rage rPois Str+3 Dex+2} (You found it in a labyrinth)
 13320 | D:13     | Identified the ring "Tutreu" {*Confuse rF+++ EV+4 Int-4 Stlth+} (You took it off a minotaur in a labyrinth)
 13323 | D:13     | Identified the ring of the Ego {rC+++ EV+2 Str-2 Slay+2 SInv} (You found it in a labyrinth)
 13469 | D:13     | Reached skill level 10 in Fighting
 13523 | D:13     | Noticed a centaur warrior
 13541 | D:13     | Killed a centaur warrior
 13573 | D:13     | Noticed a five-headed hydra
 13580 | D:13     | Killed a five-headed hydra
 13607 | D:13     | Received a gift from Okawaru
 13608 | D:13     | Got a shimmering great mace {god gift}
 13616 | D:13     | Identified the +8 great mace of the Dwarven Hall {venom, rC+} (Okawaru gifted it to you on level 13 of the Dungeon)
 13750 | D:13     | Noticed Urug
 13769 | D:13     | Killed Urug
 13787 | D:13     | Reached skill level 13 in Maces & Flails
 13787 | D:13     | Reached XP level 13. HP: 78/85 MP: 18/18
 14108 | D:14     | Noticed a yaktaur captain
 14132 | D:14     | Killed a yaktaur captain
 14215 | D:14     | Found a gate to the Vaults.
 14464 | D:14     | Received a gift from Okawaru
 14465 | D:14     | Got a fine ring mail {god gift}
 14484 | D:14     | Identified the +0 ring mail of the Depths {*Confuse +Blink rCorr Dex-4} (Okawaru gifted it to you on level 14 of the Dungeon)
 14954 | D:15     | Entered Level 15 of the Dungeon
 15177 | D:15     | Identified 2 scrolls of acquirement
 15481 | D:15     | Reached skill level 14 in Maces & Flails
 15628 | D:15     | Found a blossoming altar of Fedhas.
 15657 | D:15     | Received a gift from Okawaru
 15657 | D:15     | Gained mutation: Your large and strong wings let you fly indefinitely. [Gargoyle growth]
 15657 | D:15     | Reached XP level 14. HP: 61/92 MP: 20/20
 15804 | D:15     | Reached skill level 1 in Dodging
 15815 | D:15     | Reached skill level 1 in Stealth
 16070 | D:15     | Received a gift from Okawaru
 16105 | D:15     | Found a staircase to the Depths.
 16105 | D:15     | Noticed a frost giant
 16122 | D:15     | Killed a frost giant
 16392 | Lair:1   | Entered Level 1 of the Lair of Beasts
 16771 | Lair:1   | Found a frozen archway.
 16783 | IceCv    | Entered an ice cave
 16974 | IceCv    | Got a shimmering glass ring
 16977 | IceCv    | Identified the cursed ring of the Purple Skies {EV-5 Int+2 Dex+3 Stlth+} (You found it in an ice cave)
 18336 | Lair:3   | Found a dark tunnel.
 18356 | Volcano  | Entered a volcano
 18376 | Volcano  | Found a bloodstained altar of Trog.
 19107 | Lair:3   | Received a gift from Okawaru
 19110 | Lair:3   | Got a warped shadow dragon armour {god gift}
 19121 | Lair:3   | Identified the +3 shadow dragon armour of Lies {Int+3 Stlth++++} (Okawaru gifted it to you on level 3 of the Lair of Beasts)
 19619 | Lair:4   | Found a staircase to the Snake Pit.
 19679 | Lair:4   | Reached skill level 5 in Stealth
 19740 | Lair:4   | Reached XP level 15. HP: 98/98 MP: 21/21
 21840 | Lair:6   | Found a staircase to the Swamp.
 22157 | Lair:7   | Reached skill level 15 in Maces & Flails
 22633 | Lair:7   | Found a staircase to the Slime Pits.
 22951 | Lair:7   | Splashed by an oklob plant's acid

Vault maps used:
D:1:      moated_graveyard_arrival, roderic_aztec_sauvastika
D:4:      kennysheep_spiral_hall, led_sif_pool
D:5:      temple_green, first_bread, uniq_eustachio, uniq_pikel
D:6:      grunt_temple_overflow_open, serial_shops, nicolae_shop_behind_doors,
          uniq_duvessa
D:7:      lemuel_coloured_pillars_altar
D:8:      cheibrodos_ashenzari_chains
D:9:      uniq_prince_ribbit1
D:10:     kennysheep_blocky_hall, serial_shops, shop, grunt_qazlal_sundering
D:11:     minmay_lair_entry_lava, hiddenorc2_lemuel, serial_shops,
          nicolae_shop_overgrown_old_shop
D:12:     hangedman_little_slice_of_home
D:13:     lab_entry_generic, serial_shops, nicolae_shop_trees, uniq_urug
D:14:     david_vaults_2, roderic_serpentine_path
D:15:     grunt_enter_depths_snipers, fedhas_altar_2
Temple:   nicolae_temple_no_exploring_needed
Lair:1:   portal_ice_cave_entry_pillars_01, serial_bayou_shore_a
Lair:2:   infiniplex_staircase_pool_2
Lair:3:   nicolae_volcano_entry_two_sided
Lair:4:   minmay_snake_entry_six_corridors, guppyfry_lair_drakes,
          lemuel_fruit_fields
Lair:5:   st_stairs_13, minmay_holes, grunt_forest_stairs_basic
Lair:6:   swamp_mist, infiniplex_staircase_pool, grunt_megastairs_3,
          lemuel_fruit_tree, lemuel_fruit_fields
Lair:7:   minmay_slime_entry_oklob_enclosed
Lab:      labyrinth_watery, nicolae_lab_big_swirl, lab_hedge,
          nicolae_lab_diamond, nicolae_lab_starburst, nicolae_lab_very_dead_end,
          nicolae_lab_x, nicolae_lab_swirl
IceCv:    ice_cave_statue_garden_02
Volcano:  kennysheep_volcano_temple

Skill      XL: |  1  2  3  4  5  6  7  8  9 10 11 12 13 14 15 |
---------------+----------------------------------------------+-----
Fighting       | 4 5 6 7 8 9 10 11 12 | 12.6
Maces & Flails | 3 4 5 6 7 9 10 11 13 14 15 | 15.0
Shields        | 4 5 6 7 8 9 10 11 12 | 12.8
Armour         | 4 5 6 7 8 9 10 11 12 | 12.6
Invocations    | 3 5 7 8 |  8.8
Dodging        | 3 4 |  4.2
Stealth        | 5 6 |  6.2

Action                   |  1- 3 |  4- 6 |  7- 9 | 10-12 | 13-15 || total
-------------------------+-------+-------+-------+-------+-------++-------
Melee: Flail             |    95 |   303 |   519 |   532 |       ||  1449
       Mace              |       |       |       |   407 |  1735 ||  2142
       Morningstar       |       |       |       |   226 |       ||   226
 Abil: Fly               |       |       |       |       |     2 ||     2
       Stop Flying       |       |       |       |       |     2 ||     2
  Use: Potion            |       |       |     2 |     1 |       ||     3
       Scroll            |       |       |     1 |    18 |    13 ||    32
 Stab: Sleeping          |       |       |       |       |    35 ||    35
       Distracted        |       |       |       |       |     3 ||     3
  Eat: Chunk             |       |     7 |    22 |    25 |    52 ||   106
       Fruit             |       |       |       |     4 |       ||     4
       Beef jerky        |       |       |       |     2 |     2 ||     4
       Pizza             |       |       |       |     2 |       ||     2
       Bread ration      |       |       |       |       |     1 ||     1
Armor: Scale mail        |    60 |   148 |   145 |       |       ||   353
       Plate armour      |       |       |   218 |   869 |   424 ||  1511
       Ring mail         |       |       |       |       |    24 ||    24
       Shadow dragon arm |       |       |       |       |   224 ||   224
       Chain mail        |       |       |       |       |    43 ||    43
Dodge: Dodged            |    24 |    93 |   134 |   199 |   773 ||  1223
Block: Shield            |    57 |   160 |   286 |   640 |  1071 ||  2214
       Large shield      |       |       |       |       |    25 ||    25
